 Dungeon Crawl Stone Soup version 0.30.1-3-gfc49f6343a (webtiles) character file.

Game seed: 16951669568144162036

406 croobank the Covert (level 6, 0/26 HPs)
             Began as a Felid Delver on July 23, 2023.
             Was a Follower of Hepliaklqana.
             Slain by an iguana (13 damage)
             ... on level 4 of the Dungeon.
             The game lasted 00:23:46 (3534 turns).

croobank the Covert (Felid Delver)                  Turns: 3534, Time: 00:23:47

Health: 0/26       AC:  2    Str:  8    XL:     6   Next: 56%
Magic:  5/8        EV: 19    Int: 19    God:    Hepliaklqana [*.....]
Gold:   138        SH:  0    Dex: 18    Spells: 4/5 levels left
                                        Lives:  0   Deaths: 1

rFire   . .          .
                       - Unarmed
rCold   . . .        (shield unavailable)
rNeg    . . .        (body armour unavailable)
rPois   .            (helmet unavailable)
rElec   .            (cloak unavailable)
rCorr   .            (gloves unavailable)
SInv    +            (boots unavailable)
Will    .....        (no amulet)
Stlth   ++++         l - +6 ring of intelligence
HPRegen 0.24/turn    (no ring)
MPRegen 0.11/turn

%: no passive effects
@: very slightly contaminated, quick
A: reduced essence, very small, claws 1, fangs 3, see invisible, speed 1, shaggy
fur 2, stealthy paws, no weapons or thrown items, no armour, multi-lived
a: Renounce Religion, Recall Ancestor, Ancestor Identity


You were on level 4 of the Dungeon.
You worshipped Hepliaklqana.
Hepliaklqana was aware of your devotion.
You visited 1 branch of the dungeon, and saw 7 of its levels.

You collected 138 gold pieces.

Inventory:

Jewellery
 l - a +6 ring of intelligence (left paw)
Wands
 e - a wand of digging (3)
Scrolls
 a - a scroll of fog
 b - 2 scrolls of magic mapping
 c - a scroll of fear
 g - a scroll of amnesia {unknown}
 h - a scroll of immolation {unknown}
 i - a scroll of summoning {unknown}
 k - a scroll of enchant armour
 n - a scroll of poison
 q - a scroll of noise {unknown}
 r - a scroll of teleportation
 s - a scroll of vulnerability {unknown}
Potions
 d - 4 potions of haste
 f - 2 potions of curing
 j - a potion of lignification
 m - 2 potions of attraction
 o - a potion of degeneration {unknown}


   Skills:
 + Level 4.3 Fighting
 + Level 5.0 Dodging
 + Level 8.1 Stealth
 + Level 3.9 Unarmed Combat
 + Level 2.2 Invocations


You had 4 spell levels left.
You knew the following spells:

 Your Spells              Type           Power      Damage    Failure   Level
a - Sandblast             Erth           0%         2d4       21%         1

Your spell library contained the following spells:

 Spells                   Type           Power      Damage    Failure   Level
 Passwall                 Tmut/Erth      0%         N/A       30%         2
 Stone Arrow              Conj/Erth      0%         3d7       52%         3
 Summon Guardian Golem    Hex/Summ       0%         N/A       52%         3
 Vhi's Electric Charge    Tloc/Air       0%         N/A       52%         3
 Arcjolt                  Conj/Air       0%         1d10      99%         5
 Simulacrum               Ice/Necr       0%         N/A       100%        6
 Orb of Destruction       Conj           0%         9d5       100%        7
 Ozocubu's Refrigeration  Ice            0%         4d7       100%        7
 Spellforged Servitor     Conj/Summ      0%         N/A       100%        7
 Maxwell's Capacitive Co  Air            0%         ∞         100%        8
 Polar Vortex             Ice            0%         N/A       100%        9


Dungeon Overview and Level Annotations

Branches:
Dungeon (7/15)
 Temple: D:4-7

Altars:
Dithmenos
Hepliaklqana


Innate Abilities, Weirdness & Mutations

Your life essence is reduced to manifest your ancestor. (-10% HP)
You have sharp claws.
You have razor-sharp teeth.
You have supernaturally acute eyesight. (SInv)
You cover ground quickly. (Speed+)
You are covered in thick fur. (AC +2)
Your paws help you pounce on unaware monsters.
You are incapable of wielding weapons or throwing items.
You cannot wear armour.
You gain extra lives every three experience levels.


Message History

Aiming: Sandblast (safe; 21% risk of failure)
Press: ? - help, Shift-Dir - straight line, f/p - adder
Aim: an adder (severely wounded, ally target, 68% to hit)
You miscast Sandblast.
Nothing appears to happen.
The adder closely misses you.
Qinisela closely misses the adder.
You completely miss the adder. You bite the adder, but do no damage.
The adder is severely wounded.
The adder completely misses you. The iguana barely misses you.
Qinisela hits the adder.
You barely miss the adder.
The adder is almost dead.
The adder barely misses you. The iguana completely misses you.
Qinisela misses the adder.
The adder bites you.
You closely miss the adder.
The adder is almost dead.
The iguana closely misses you. The adder completely misses you.
You scratch the adder but do no damage.
The adder is almost dead.
Qinisela barely misses the adder.
The adder barely misses you. The iguana closely misses you.
You barely miss the adder. Your bite misses the adder.
The adder is almost dead.
Qinisela misses the adder.
The adder bites you. The iguana bites you.
You scratch the adder.
The adder is almost dead.
The adder completely misses you.
Qinisela barely misses the adder.
You closely miss the adder.
The adder is almost dead.
The iguana completely misses you. The adder closely misses you.
Qinisela hits the adder!
The adder dies!
Casting: Sandblast (safe; 21% risk of failure)
Confirm with . or Enter, or press ? or * to list all spells.
Aiming: Sandblast (safe; 21% risk of failure)
Press: ? - help, Shift-Dir - straight line, f - iguana
Aim: an iguana (83% to hit)
The blast of sand hits the iguana but does no damage.
The iguana bites you!
Ouch! That really hurt!
You die...

#.......................
......#..#...###........
........#....##.........
..................######
............<....?##
.)............#....###
.....................#
.....#.##.....Rl.....####
.......)<....#..@...?....
.....#.###..##.......####
....##.# #..##.......#
....##.# #....$......#
....#... ####..#####
........ .... .. ....
#.... ..... .....


You could see the friendly Qinisela the ancestor and an iguana (ally target).

Vanquished Creatures
  Grinder (D:3)
  A hound (D:7)
  A jelly (D:7)
  Natasha (D:3)
  3 adders
  A worm (D:2)
  2 dart slugs
  3 orcs
  2 bats
  3 endoplasms
  6 giant cockroaches
  6 goblins
  3 hobgoblins
  6 jackals (D:1)
  5 quokkas
  5 ball pythons
  9 kobolds
  7 rats
65 creatures vanquished.

Vanquished Creatures (collateral kills)
  Natasha (D:3)
  3 adders
  An ufetubus (D:4)
  A ball python (D:1)
  A quokka (D:2)
  A frilled lizard (D:1)
8 creatures vanquished.

Vanquished Creatures (others)
  An ancestor (D:3)
1 creature vanquished.

Grand Total: 74 creatures vanquished

Notes
Turn   | Place    | Note
-------+----------+-------------------------------------------
     0 | D:5      | croobank the Felid Delver began the quest for the Orb.
     0 | D:5      | Reached XP level 1. HP: 10/10 MP: 2/2
    12 | D:6      | Reached XP level 2. HP: 11/14 MP: 3/3
    87 | D:7      | Reached skill level 7 in Stealth
    87 | D:7      | Reached XP level 3. HP: 17/17 MP: 4/4
    96 | D:7      | Reached XP level 4. HP: 21/21 MP: 5/5
    99 | D:7      | Noticed a black bear
   135 | D:6      | Noticed a scorpion
   332 | D:3      | Found a hazy altar of Hepliaklqana.
   335 | D:3      | Became a worshipper of Hepliaklqana the Forgotten
   566 | D:3      | Noticed Grinder
   655 | D:3      | Slain by Grinder
   656 | D:3      | Reached XP level 3. HP: -1/17 MP: 4/4
   679 | D:3      | Found a shadowy altar of Dithmenos.
   736 | D:3      | Noticed Natasha
   740 | D:3      | Killed Natasha
   930 | D:3      | Learned a level 1 spell: Sandblast
  1009 | D:2      | Reached XP level 4. HP: 22/22 MP: 5/5
  1381 | D:1      | Found a faded altar of an unknown god.
  1556 | D:1      | Reached * piety under Hepliaklqana
  1712 | D:1      | Reached skill level 1 in Invocations
  2734 | D:2      | Reached XP level 5. HP: 16/22 MP: 6/6
  3191 | D:3      | Noticed Natasha
  3227 | D:3      | Killed Grinder
  3228 | D:3      | Reached skill level 8 in Stealth
  3228 | D:3      | Gained mutation: You are covered in thick fur. (AC +2)
                  | [Felid growth]
  3228 | D:3      | Reached XP level 6. HP: 25/25 MP: 0/8
  3332 | D:3      | Killed Natasha
  3333 | D:3      | Reached skill level 5 in Dodging
  3534 | D:4      | Slain by an iguana

Illustrated notes

Levels and vault maps discovered:
D:1:      elethiomel_arrival_quiet, layout_basic,
          shapermc_ecumenical_altar_venn, minmay_door_square
D:2:      layout_basic
D:3:      layout_basic, nicolae_dithmenos_shadow_blocks, lemuel_doored_altar,
          minivault_4, uniq_grinder, uniq_natasha
D:4:      layout_rooms, old_standard_altar
D:5:      layout_rooms
D:6:      minmay_razor_zed, layout_loops_ring,
          mainiacjoe_overflow_catch_the_wave, temple_green, lightli_orcish_oven
D:7:      minmay_the_grid_octo_triangle [minmay_the_grid_octo_fan_narrow,
          minmay_the_grid_octo_prize_big_c, minmay_the_grid_octo_concentric],
          layout_layer_cave, enter_bailey_5, grunt_ministairs_15

Skill      XL: |  1  2  3  4  5  6 |
---------------+-------------------+-----
Dodging        | 3 4 5 |  5.0
Stealth        | 7 8 |  8.1
Unarmed Combat | 3 |  3.9
Invocations    | 1 2 |  2.2
Fighting       | 4 |  4.3

Action                     |  1- 3 |  4- 6 || total
---------------------------+-------+-------++-------
  Melee: Unarmed           |     9 |   179 ||   188
         Bite              |     1 |    19 ||    20
         Punch             |       |     2 ||     2
   Cast: Sandblast         |     1 |    25 ||    26
 Invoke: Recall Ancestor   |       |     2 ||     2
  Evoke: Wand              |       |     4 ||     4
    Use: Scroll            |       |     6 ||     6
         Potion            |       |     1 ||     1
   Stab: Sleeping          |     4 |    14 ||    18
         Distracted        |       |     2 ||     2
 Armour: Skin              |       |    15 ||    15
  Dodge: Dodged            |     4 |   155 ||   159
